 Dungeon Crawl Stone Soup version 0.30.1-9-gdf580d7c3d (webtiles) character file.

Game seed: 11816508394307604865

501 lonewolfV2 the Shield-Bearer (level 7, -5/57 HPs)
             Began as a Formicid Fighter on Oct 21, 2023.
             Slain by an ice beast (13 damage)
             ... on level 5 of the Dungeon.
             The game lasted 00:03:49 (2542 turns).

lonewolfV2 the Shield-Bearer (Formicid Fighter)     Turns: 2542, Time: 00:03:50

Health: -5/57      AC:  7    Str: 23    XL:     7   Next: 40%
Magic:  7/7        EV:  9    Int:  7    God:
Gold:   154        SH:  6    Dex: 13    Spells: 6/6 levels left

rFire   . . .        a - +1 war axe (heavy)
rCold   . . .        c - +1 buckler
rNeg    . . .        b - +0 scale mail
rPois   +            (helmet unavailable)
rElec   .            (no cloak)
rCorr   .            (no gloves)
SInv    +            (no boots)
Will    .....        (no amulet) Stlth
                     k - ring of poison resistance
HPRegen 0.29/turn    (no ring)
MPRegen 0.10/turn

%: no passive effects
@: mighty
A: permanent stasis, dig shafts and tunnels, antennae 3, four strong arms
a: Dig, Shaft Self


You were on level 5 of the Dungeon.
You visited 1 branch of the dungeon, and saw 5 of its levels.

You collected 154 gold pieces.

Inventory:

Hand Weapons
 a - a +1 heavy war axe (weapon)
Armour
 b - a +0 scale mail (worn)
 c - a +1 buckler (worn)
Jewellery
 k - a ring of poison resistance (left hand)
Scrolls
 f - 4 scrolls of silence
 h - a scroll of magic mapping
 l - a scroll of noise
 o - a scroll of fog
Potions
 d - a potion of might
 e - a potion of brilliance {unknown}
 i - a potion of flight {unknown}
 j - 5 potions of curing
 m - 2 potions of degeneration {unknown}
 n - a potion of magic {unknown}
 p - a potion of haste {unknown}
 q - a potion of berserk rage {unknown}
 s - 2 potions of mutation {unknown}
 t - a potion of cancellation {unknown}


   Skills:
 + Level 5.7 Fighting
 - Level 2.0 Axes
 + Level 5.6 Armour
 + Level 6.8 Shields


You had 6 spell levels left.
You didn't know any spells.
Your spell library contained the following spells:

 Spells                   Type           Power      Damage    Failure   Level
 Slow                     Hex            0%         N/A       78%         1
 Lesser Beckoning         Tloc           0%         N/A       89%         2
 Confusing Touch          Hex            0%         N/A       98%         3
 Gell's Gravitas          Tloc           0%         N/A       98%         3
 Teleport Other           Tloc           0%         N/A       98%         3
 Vampiric Draining        Necr           0%         2d6       98%         3


Dungeon Overview and Level Annotations

Branches:
Dungeon (5/15)
 Temple: D:4-7

Altars:
Uskayaw
Xom


Innate Abilities, Weirdness & Mutations

You cannot be hasted, slowed, berserked, paralysed or teleported.
You can dig through walls and to a lower floor.
You have a pair of large antennae on your head. (SInv)
Your four strong arms can wield two-handed weapons with a shield.


Message History

You block the hound's attack.
You hit the hound.
The hound is heavily wounded.
The hound bites you but does no damage. The hound completely misses you.
An orc comes into view. It is wielding a +0 club.
The hound bites you.
The orc moves out of view.
You slice the hound!!
You kill the hound!
You block the black bear's attack. The black bear claws you.
The black bear barely misses you.
The black bear bites you but does no damage.
The black bear claws you but does no damage.
The black bear closely misses you.
You closely miss the black bear. The black bear closely misses you.
The black bear claws you but does no damage. x2
The black bear bites you but does no damage.
The black bear closely misses you. The black bear barely misses you.
Unknown command.
You closely miss the black bear. The black bear bites you.
The black bear claws you but does no damage. x2
You block the black bear's attack. The black bear claws you.
The black bear closely misses you.
The orc shouts!
You slice the black bear!!
The black bear is almost dead.
The black bear goes berserk!
The black bear barely misses you. x2
The black bear claws you.
Unknown command.
You slice the black bear!!
You kill the black bear!
An orc priest comes into view. It is wielding a +0 dagger.
You slash the ice beast!
The ice beast is moderately wounded.
The orc priest mumbles some strange prayers to Beogh against you.
Beogh smites you!
* * * LOW HITPOINT WARNING * * *
The ice beast closely misses you. The ice beast hits you.
* * * LOW HITPOINT WARNING * * *
The ice beast freezes you!
You die...

....# ....
#.#######.o. .
.......<#.###.#
#.#####........
# #####.##.##.#
##.#.#.....#..#
........o...>.#
.#.#.##@####..#
#Y# ..# .Z# .#
.... .. ...#/
.. .... .. .#.
..... .. ..8P..
...


You could see an ice beast, an orc priest, an orc and a water moccasin skeleton.

Vanquished Creatures
  A water moccasin (D:5)
  A black bear (D:5)
  A bullfrog (D:4)
  2 hounds
  Jessica (D:3)
  10 adders
  A worm (D:2)
  5 orcs (D:3)
  5 endoplasms
  5 giant cockroaches
  6 goblins
  9 hobgoblins
  4 jackals (D:3)
  7 kobolds
  5 ball pythons
  2 bats
  3 frilled lizards
  5 rats
73 creatures vanquished.

Notes
Turn   | Place    | Note
-------+----------+-------------------------------------------
     0 | D:1      | lonewolfV2 the Formicid Fighter began the quest for the
                  | Orb.
     0 | D:1      | Reached XP level 1. HP: 18/18 MP: 1/1
    96 | D:1      | Reached XP level 2. HP: 24/24 MP: 2/2
   520 | D:1      | Reached XP level 3. HP: 28/30 MP: 3/3
   823 | D:2      | Found a shimmering altar of Xom.
   911 | D:2      | Found a faded altar of an unknown god.
  1155 | D:3      | Reached XP level 4. HP: 13/37 MP: 4/4
  1229 | D:3      | Reached skill level 5 in Shields
  1401 | D:3      | Reached XP level 5. HP: 38/42 MP: 5/5
  1455 | D:3      | Noticed Jessica
  1459 | D:3      | Killed Jessica
  1732 | D:3      | Identified the +0 leather armour "Siogrim" {rCorr Dex+3}
  2040 | D:4      | Noticed a bullfrog
  2045 | D:4      | Killed a bullfrog
  2046 | D:4      | Reached XP level 6. HP: 50/50 MP: 6/6
  2097 | D:4      | Found a hide-covered altar of Uskayaw.
  2163 | D:4      | Reached skill level 5 in Fighting
  2328 | D:4      | Reached skill level 5 in Armour
  2328 | D:4      | Reached skill level 6 in Shields
  2509 | D:5      | Entered Level 5 of the Dungeon
  2516 | D:5      | Noticed a water moccasin
  2518 | D:5      | Noticed a black bear
  2522 | D:5      | Noticed an ice beast
  2534 | D:5      | Killed a water moccasin
  2535 | D:5      | Reached XP level 7. HP: 26/56 MP: 7/7
  2542 | D:5      | Slain by an ice beast

Illustrated notes

Levels and vault maps discovered:
D:1:      dpeg_arrival_radiant, layout_basic
D:2:      layout_rooms, basic_ecumenical_altar, basic_altar
D:3:      layout_loops_ring, uniq_jessica
D:4:      wander_river, layout_cave_pools,
          nicolae_uskayaw_murder_on_the_dancefloor
D:5:      layout_basic, mainiacjoe_overflow_small_starburst,
          mainiacjoe_overflow_big_doors, serial_undead, serial_undead_a,
          serial_undead_a, serial_undead_c, serial_undead_b, serial_undead_a,
          serial_undead_d, serial_undead_f, uniq_eustachio,
          uniq_crazy_yiuf_cottage

Skill      XL: |  1  2  3  4  5  6 |
---------------+-------------------+-----
Fighting       | 4 5 |  5.7
Armour         | 4 5 |  5.6
Shields        | 5 6 |  6.8
Axes           | |  2.0

Action                     |  1- 3 |  4- 6 |  7- 9 || total
---------------------------+-------+-------+-------++-------
  Melee: War axe           |    96 |   102 |     8 ||   206
    Use: Scroll            |     9 |     2 |       ||    11
         Potion            |       |     2 |       ||     2
 Armour: Scale mail        |    57 |    68 |    10 ||   135
  Dodge: Dodged            |    54 |    61 |    10 ||   125
  Block: Buckler           |    33 |    51 |     3 ||    87
